 Dungeon Crawl Stone Soup version 0.25-a0-310-g60f0ac2 (webtiles) character file.

Game seed: 2610681149269147957, levelgen mode: deterministic

65 MrTaco21 the Cudgeler (level 4, -3/28 HPs)
             Began as a Gargoyle Fighter on Dec 23, 2019.
             Killed from afar by an orc wizard (7 damage)
             ... with a magic dart
             ... on level 3 of the Dungeon.
             The game lasted 00:03:50 (1643 turns).

MrTaco21 the Cudgeler (Gargoyle Fighter)            Turns: 1643, Time: 00:03:51

Health: -3/28      AC: 10    Str: 20    XL:     4   Next: 13%
Magic:  4/4        EV:  7    Int:  9    God:
Gold:   152        SH:  9    Dex:  9    Spells: 3/3 levels left

rFire    . . .     SeeInvis .   a - +0 flail
rCold    . . .     Gourm    .   c - +0 shield
rNeg     + . .     Faith    .   b - +0 scale mail
rPois    ∞         Spirit   .   (no helmet)
rElec    +         Reflect  .   (no cloak)
rCorr    .         Harm     .   (no gloves)
MR       .....                  (no boots)
Stlth    ..........             (no amulet)
HPRegen  0.09/turn              (no ring)
MPRegen  0.09/turn              (no ring)

@: slowed, very slow
A: negative energy resistance 1, electricity resistance, unbreathing,
petrification resistance, rot immunity, AC +3
a: no special abilities


You were on level 3 of the Dungeon.
You were not hungry.

You visited 1 branch of the dungeon, and saw 3 of its levels.

You collected 152 gold pieces.

Inventory:

Hand Weapons
 a - a +0 flail (weapon)
Armour
 b - a +0 scale mail (worn)
 c - a +0 shield (worn)
 f - a +0 plate armour
   (You found it on level 1 of the Dungeon)
Scrolls
 i - 5 scrolls of identify {unknown}
 j - 2 scrolls of enchant armour {unknown}
 l - 2 scrolls of remove curse {unknown}
 n - a scroll of magic mapping {unknown}
Potions
 d - a potion of might
 g - 4 potions of curing {unknown}
 k - a potion of invisibility {unknown}
 m - 2 potions of heal wounds {unknown}
 o - a potion of berserk rage {unknown}
 p - a potion of agility {unknown}
Comestibles
 e - 5 rations {!d}
 h - 7 chunks of flesh


   Skills:
 - Level 3.2 Fighting
 + Level 4.3 Maces & Flails
 - Level 3.2 Armour
 - Level 3.2 Shields


You had 3 spell levels left.
You didn't know any spells.
Your spell library was empty.

Dungeon Overview and Level Annotations

Branches:
Dungeon (3/15)

Altars:


Innate Abilities, Weirdness & Mutations

You are resistant to torment.
Your stone body is resilient. (AC +3)
You are immune to poison.
You resist negative energy. (rN+)
You are resistant to electric shocks. (rElec)
You can survive without breathing.
You are immune to petrification.
You are immune to rotting.


Message History

The orc hits you but does no damage. x3; The orc wizard barely misses you.
The orc hits you but does no damage. x2
Unknown command.
There are monsters nearby!
The orc wizard mumbles some strange words.
The orc wizard blinks!
You block the orc's attack.
The orc wizard casts a spell.
The orc wizard blinks!
You block the orc's attack.
You see here a ration {!d}.
The orc barely misses you.
The frilled lizard hisses.
The orc hits you with a +0 flail.
* * * LOW HITPOINT WARNING * * *
The orc wizard mumbles some strange words.
The orc wizard blinks!
The orc barely misses you. The kobold hits you.
* * * LOW HITPOINT WARNING * * *
You block the orc's attack. You block the orc's attack.
The orc wizard gestures wildly while chanting.
The orc wizard blinks!
The orc wizard mumbles some strange words.
The orc wizard blinks!
The orc hits you but does no damage. The orc hits you but does no damage.
You block the orc's attack.
The orc wizard casts a spell.
The orc wizard blinks!
You see here a stone.
The orc hits you but does no damage. You block the orc's attack.
The frilled lizard barely misses you. The kobold barely misses you.
The orc wizard casts a spell.
The orc wizard blinks!
The frilled lizard bites you.
* * * LOW HITPOINT WARNING * * *
The orc wizard gestures wildly while chanting.
The orc wizard blinks!
The kobold hits you.
* * * LOW HITPOINT WARNING * * *
You barely miss the orc wizard. You block the orc wizard's attack.
The frilled lizard bites you but does no damage.
You block the orc wizard's attack. The kobold closely misses you.
The frilled lizard bites you.
* * * LOW HITPOINT WARNING * * *
The orc wizard barely misses you.
Your shield and scale mail prevent you from hitting the orc wizard.
The orc wizard hits you but does no damage.
The kobold hits you but does no damage. You block the orc's attack.
The frilled lizard bites you but does no damage.
The orc wizard points at you and mumbles some strange words.
The magic dart hits you!
You die...

#.#<.........#.#
#.#.......##.#.#
#.#.#####.##.#.#
###### #.#.# #....#.#
...$.# #.#.#
########.#
.....####### #.#.#
#........#
...........# #.#÷#
#.######## #.......$.#
#.#o# #.#
#.........###.#@###.#
.#...%.....##..oKl.#.#
........o..##.o.o....#
.>......o..##).....###
#.#######o###......#
#. #####.# #......# ##
#...).# #......#
.#.....###(.....#
.......o.............


You could see an orc wizard, 3 orcs, a kobold and a frilled lizard.

Vanquished Creatures
  An adder (D:2)
  A leopard gecko (D:2)
  An orc (D:3)
  7 bats
  4 giant cockroaches
  4 goblins
  5 hobgoblins
  5 jackals
  8 kobolds
  3 quokkas (D:2)
  A ball python (D:3)
  2 frilled lizards (D:1)
  7 rats
49 creatures vanquished.

Notes
Turn   | Place    | Note
-------+----------+-------------------------------------------
     0 | D:1      | MrTaco21 the Gargoyle Fighter began the quest for the Orb.
     0 | D:1      | Reached XP level 1. HP: 14/14 MP: 1/1
   114 | D:1      | Reached XP level 2. HP: 19/19 MP: 2/2
   168 | D:1      | Reached skill level 3 in Maces & Flails
   349 | D:1      | Reached XP level 3. HP: 19/23 MP: 3/3
  1032 | D:2      | Reached skill level 4 in Maces & Flails
  1519 | D:3      | Reached XP level 4. HP: 26/28 MP: 4/4
  1643 | D:3      | Killed from afar by an orc wizard

Levels and vault maps discovered:
D:1:      onia_arrival_pentagram, layout_rooms, lemuel_another_geyser
D:2:      layout_loops_corners, first_ration
D:3:      layout_basic, uniq_crazy_yiuf_cottage, uniq_sigmund

Skill      XL: |  1  2  3 |
---------------+----------+-----
Maces & Flails | 3 4 |  4.3
Fighting       | |  3.2
Armour         | |  3.2
Shields        | |  3.2

Action                   |  1- 3 |  4- 6 || total
-------------------------+-------+-------++-------
Melee: Flail             |   169 |    33 ||   202
  Eat: Chunk             |     2 |     1 ||     3
Armor: Scale mail        |   126 |    47 ||   173
Dodge: Dodged            |    62 |    32 ||    94
Block: Shield            |   117 |    39 ||   156

Table legend:
 A = Non-vault XP
 B = Vault XP
 C = Vault XP percentage of total XP
 D = Non-vault monster count
 E = Vault monster count
 F = Vault count percentage of total count
                 A         B        C        D         E       F
            +---------+---------+-------+---------+---------+-------
      Total |      93 |       0 |   0.0 |      49 |       0 |   0.0
            +---------+---------+-------+---------+---------+-------
        D:1 |      39 |       0 |   0.0 |      25 |       0 |   0.0
        D:2 |      40 |       0 |   0.0 |      16 |       0 |   0.0
        D:3 |      14 |       0 |   0.0 |       8 |       0 |   0.0
            +---------+---------+-------+---------+---------+-------
